 Dungeon Crawl Stone Soup version 0.25.1-2-g60ff931df9 (webtiles) character file.

Game seed: 12258910548999152786

350 Impeuri the Skirmisher (level 6, -2/48 HPs)
             Began as a Demonspawn Artificer on Aug 24, 2020.
             Slain by a mummy (12 damage)
             ... in an ossuary.
             The game lasted 00:05:14 (4062 turns).

Impeuri the Skirmisher (Demonspawn Artificer)       Turns: 4062, Time: 00:05:14

Health: -2/48      AC:  4    Str: 13    XL:     6   Next: 33%
Magic:  8/8        EV: 12    Int: 14    God:
Gold:   125        SH:  0    Dex: 13    Spells: 5/5 levels left

rFire    . . .     SeeInvis .   a - +0 short sword
rCold    + . .     Gourm    .   (no shield)
rNeg     . . .     Faith    .   b - +0 leather armour
rPois    .         Spirit   .   (no helmet)
rElec    .         Reflect  .   (no cloak)
rCorr    .         Harm     .   p - +0 pair of gloves
MR       .....                  (no boots)
Stlth    ++........             (no amulet)
HPRegen  0.16/turn              l - +4 ring of slaying
MPRegen  0.11/turn              (no ring)

@: marked
A: talons 1, cold resistance 1, nightstalker 1, sturdy frame 1
a: no special abilities


You were in an ossuary.
You were not hungry.

You visited 1 branch of the dungeon, and saw 4 of its levels.
You also visited: Ossuary.

You collected 125 gold pieces.

Inventory:

Hand Weapons
 a - a +0 short sword (weapon)
 k - a +0 dagger of venom
Armour
 b - a +0 leather armour (worn)
 p - a +0 pair of gloves (worn)
Jewellery
 l - a +4 ring of slaying (left hand)
Wands
 c - a wand of flame (12)
 d - a wand of enslavement (15)
 e - a wand of random effects (15)
 t - a wand of digging (7)
Scrolls
 g - a scroll of remove curse {unknown}
 i - 5 scrolls of identify {unknown}
 j - 2 scrolls of amnesia {unknown}
 o - 2 scrolls of noise {unknown}
 u - a scroll of teleportation {unknown}
Potions
 h - 5 potions of curing {unknown}
 m - 2 potions of heal wounds {unknown}
 n - a potion of mutation {unknown}
 q - a potion of stabbing {unknown}
 r - a potion of flight {unknown}
 s - 2 potions of cancellation {unknown}
 v - a potion of berserk rage {unknown}
 w - 2 potions of degeneration {unknown}
 x - a potion of resistance {unknown}
Comestibles
 f - 6 rations


   Skills:
 + Level 3.7 Fighting
 + Level 3.4 Short Blades
 + Level 3.1 Armour
 - Level 1.7 Dodging
 - Level 0.8 Stealth
 - Level 3.0 Evocations


You had 5 spell levels left.
You didn't know any spells.
Your spell library was empty.

Dungeon Overview and Level Annotations

Branches:
Dungeon (4/15)            Ossuary (1/1)
 Temple: D:4-7

Altars:
Okawaru
Uskayaw
Yredelemnul


Innate Abilities, Weirdness & Mutations

You have sharp toenails.
Your flesh is cold resistant. (rC+)
You are slightly more attuned to the shadows.
Your movements are slightly less encumbered by armour. (ER -2)


Message History

The mummy barely misses you.
You hit the mummy.
The mummy is moderately damaged.
The mummy hits you!
You barely miss the mummy. You claw the mummy.
The mummy is heavily damaged.
You closely miss the mummy.
The mummy is heavily damaged.
The mummy hits you!
* * * LOW HITPOINT WARNING * * *
You completely miss the mummy. Your kick misses the mummy.
The mummy is heavily damaged.
Evoke which item? (* to show all) (? for menu, Esc to quit)
Aiming: Throw Flame
Press: ? - help, Shift-Dir - straight line, f - mummy
Aim: a mummy (heavily damaged)
The puff of flame hits the mummy!
The mummy is burned terribly!
The mummy is almost destroyed.
The mummy hits you!
You die...

##### ##.....## #...#
#.......# #...#
####.#### M. ##.##
#.# .# ###.# ###'###
.# #.'.## ##...^.##
##.+
###..###.......###..#
#.'...#.........#...+
###...'....⌠....@M..#
#.'...#.........#...+
###..###.......###..#
#.'.## ##.....## ##.+
###.# ###'### .# #^#
#.# .# ?.? ##.## !?
#.!.# #.∩.# #####
#.∩.#


You could see a mummy.

Vanquished Creatures
  2 centaur zombies (Ossuary)
  An orc priest (D:3)
  Natasha (D:2)
  A big kobold zombie (Ossuary)
  3 mummies (Ossuary)
  3 adders (D:2)
  An ooze (D:1)
  7 worms
  3 dart slugs
  A leopard gecko (D:3)
  16 orcs (D:3)
  9 bats
  11 giant cockroaches
  A goblin (D:1)
  6 hobgoblins
  6 jackals (D:3)
  A quokka (D:2)
  8 frilled lizards
  A goblin zombie (Ossuary)
  9 kobolds
  24 rats
115 creatures vanquished.

Notes
Turn   | Place    | Note
-------+----------+-------------------------------------------
     0 | D:1      | Impeuri the Demonspawn Artificer began the quest for the
                  | Orb.
     0 | D:1      | Reached XP level 1. HP: 15/15 MP: 3/3
    45 | D:1      | Reached skill level 1 in Short Blades
   258 | D:1      | Gained mutation: You have sharp toenails. [demonic
                  | ancestry]
   258 | D:1      | Reached XP level 2. HP: 10/21 MP: 4/4
   460 | D:1      | Reached skill level 1 in Armour
   584 | D:1      | Gained mutation: You are slightly more attuned to the
                  | shadows. [demonic ancestry]
   584 | D:1      | Reached XP level 3. HP: 27/27 MP: 5/5
  1263 | D:2      | Gained mutation: Your flesh is cold resistant. (rC+)
                  | [demonic ancestry]
  1263 | D:2      | Reached XP level 4. HP: 22/34 MP: 6/6
  1677 | D:2      | Found a hide-covered altar of Uskayaw.
  1677 | D:2      | Found a basalt altar of Yredelemnul.
  1756 | D:2      | Noticed Natasha
  1764 | D:2      | Killed Natasha
  2470 | D:3      | Reached XP level 5. HP: 22/40 MP: 7/7
  3195 | D:3      | Found an iron altar of Okawaru.
  3919 | D:4      | Found a sand-covered staircase.
  3936 | Ossuary  | Entered an ossuary
  3974 | Ossuary  | Gained mutation: Your movements are slightly less
                  | encumbered by armour. (ER -2) [demonic ancestry]
  3974 | Ossuary  | Reached XP level 6. HP: 46/47 MP: 8/8
  4062 | Ossuary  | Slain by a mummy

Illustrated notes

Levels and vault maps discovered:
D:1:      minmay_arrival_radiant_lines, layout_rooms, minmay_rat_gold_closets
D:2:      layout_loops_ring, minitemple, serial_bayou_lake_a, uniq_natasha
D:3:      layout_rooms, old_standard_altar, first_ration
D:4:      layout_gridville, nicolae_ossuary_entry_monument
Ossuary:  ossuary_crypta

Skill      XL: |  1  2  3  4  5  6 |
---------------+-------------------+-----
Short Blades   | 1 2 3 |  3.4
Armour         | 1 2 3 |  3.1
Fighting       | 2 3 |  3.7
Dodging        | |  1.7
Stealth        | |  0.8
Evocations     | |  3.0

Action                   |  1- 3 |  4- 6 || total
-------------------------+-------+-------++-------
Melee: Dagger            |   115 |   184 ||   299
       Kick              |    22 |    54 ||    76
       Short sword       |       |    38 ||    38
Evoke: Wand              |       |     3 ||     3
 Stab: Sleeping          |     8 |    12 ||    20
  Eat: Chunk             |     1 |     9 ||    10
Armor: Leather armour    |    25 |    33 ||    58
Dodge: Dodged            |    65 |   103 ||   168
